 Dungeon Crawl Stone Soup version 0.18.1-5-g4a78601 (webtiles) character file.

203 Scarto the Skirmisher (level 5, -18/42 HPs)
             Began as a Demonspawn Fighter on May 10, 2016.
             Demolished by an ogre
             ... wielding a +0 giant spiked club
              (22 damage)
             ... on level 4 of the Dungeon.
             The game lasted 00:06:27 (2930 turns).

Scarto the Skirmisher (Demonspawn Fighter)          Turns: 2930, Time: 00:06:28

Health: -18/42     AC: 16    Str: 17    XL:     5   Next: 51%
Magic:  0/5        EV:  3    Int:  9    God:
Gold:   141        SH:  9    Dex: 13    Spells: 0 memorised, 4 levels left

rFire  . . .     SeeInvis .     t - +0 mace (protect)
rCold  . . .     Gourm    .     l - +0 plate armour
rNeg   . . .     Faith    .     c - +0 shield
rPois  .         Spirit   +     (no helmet)
rElec  .         Dismiss  .     (no cloak)
rCorr  .         Reflect  .     (no gloves)
SustAt +         Harm     .     (no boots)
MR     .....                    (no amulet)
Stlth  ..........               (no ring)
                                e - ring of sustain attributes

@: not resistant to hostile enchantments, extremely unstealthy
A: hooves 1, magic shield
a: no special abilities


You were on level 4 of the Dungeon.
You were not hungry.

You visited 1 branch of the dungeon, and saw 4 of its levels.

You collected 141 gold pieces.

Inventory:

Hand Weapons
 a - a +0 trident
 t - a +0 mace of protection (weapon)
Armour
 b - a +0 scale mail
 c - a +0 shield (worn)
 h - a +0 chain mail
 l - a +0 plate armour (worn)
Jewellery
 e - a ring of sustain attributes (left hand)
Wands
 s - a wand of slowing (31/48)
Scrolls
 j - 2 scrolls of teleportation
 u - a scroll of identify {unknown}
 w - a scroll of noise {unknown}
 x - a scroll of magic mapping {unknown}
 y - a scroll of fear {unknown}
 z - a scroll of random uselessness {unknown}
Potions
 d - 3 potions of might
 f - a potion of mutation {unknown}
 i - 2 potions of ambrosia {unknown}
 k - a potion of lignification {unknown}
 m - a potion of cure mutation {unknown}
 n - 3 potions of curing {unknown}
 v - a potion of beneficial mutation {unknown}
Comestibles
 g - a beef jerky
 o - a meat ration
 p - a slice of pizza
 q - 4 fruits
 r - a bread ration


   Skills:
 + Level 3.9 Fighting
 + Level 0.6 Maces & Flails
 + Level 2.6 Polearms
 + Level 3.4 Armour
 + Level 0.8 Dodging
 + Level 1.0 Stealth
 + Level 3.6 Shields


You had 4 spell levels left.
You didn't know any spells.

Dungeon Overview and Level Annotations

Branches:
Dungeon (4/15)
 Temple: D:4-7

Altars:
Trog
Xom


Innate Abilities, Weirdness & Mutations

You have large cloven feet.
When hurt, damage is shared between your health and your magic reserves.


Message History

You are too injured to fight recklessly!
You are too injured to fight recklessly!
You are too injured to fight recklessly!
You are too injured to fight recklessly!
You are too injured to fight recklessly!
You are too injured to fight recklessly!
You thump the ogre!
The ogre is heavily wounded.
The ogre hits you with a giant spiked club.
* * * LOW HITPOINT WARNING * * *
You hit the ogre. Your kick misses the ogre.
The ogre is heavily wounded.
The ogre hits you with a giant spiked club.
* * * LOW HITPOINT WARNING * * *
Your shield and plate armour prevent you from hitting the ogre.
You kick the ogre, but do no damage.
The ogre is heavily wounded.
The ogre hits you with a giant spiked club!!
Ouch! That really hurt!
You die...

### #..
#.######.#
#######.#......#
......[..@O....#
.##..#.##.###.#
# #.# .# #.# ##
#.# #.# #.# #.#
#.#


You could see an ogre.

Vanquished Creatures
  Terence (D:3)
  Natasha (thrice) (D:3)
  2 adders (D:3)
  2 oozes
  3 worms
  3 dart slugs
  4 giant geckos
  2 ball pythons
  A giant cockroach (D:1)
  8 goblins
  6 hobgoblins
  2 jackals (D:3)
  7 bats
  A giant newt (D:1)
  13 kobolds
  6 rats
64 creatures vanquished.

Notes
Turn   | Place    | Note
--------------------------------------------------------------
     0 | D:1      | Scarto the Demonspawn Fighter began the quest for the Orb.
     0 | D:1      | Reached XP level 1. HP: 18/18 MP: 1/1
   136 | D:1      | Gained mutation: When hurt, damage is shared between your health and your magic reserves. [demonic ancestry]
   136 | D:1      | Reached XP level 2. HP: 13/24 MP: 2/2
   470 | D:1      | Reached XP level 3. HP: 29/29 MP: 3/3
  1294 | D:2      | Found a shimmering altar of Xom.
  1591 | D:3      | Noticed Terence
  1611 | D:3      | Killed Terence
  1611 | D:3      | Gained mutation: You have large cloven feet. [demonic ancestry]
  1611 | D:3      | Reached XP level 4. HP: 27/36 MP: 4/4
  1786 | D:3      | HP: 1/37 [poisoned by an adder]
  2340 | D:3      | Noticed Natasha
  2369 | D:3      | Killed Natasha
  2369 | D:3      | Reached skill level 1 in Stealth
  2369 | D:3      | Reached XP level 5. HP: 16/42 MP: 3/5
  2512 | D:3      | Noticed Natasha
  2531 | D:3      | Killed Natasha
  2568 | D:3      | Noticed Natasha
  2580 | D:3      | Killed Natasha
  2802 | D:3      | Found a bloodstained altar of Trog.
  2920 | D:4      | Noticed an ogre
  2930 | D:4      | Demolished by an ogre

Skill      XL: |  1  2  3  4 |
---------------+-------------+-----
Polearms       | 2 |  2.6
Armour         | 3 |  3.4
Shields        | 3 |  3.6
Stealth        | 1 |  1.0
Fighting       | |  3.9
Maces & Flails | |  0.6
Dodging        | |  0.8

Action                   |  1- 3 |  4- 6 || total
-------------------------+-------+-------++-------
Melee: Trident           |   148 |    36 ||   184
       Mace              |       |   118 ||   118
       Kick              |       |    45 ||    45
  Use: Scroll            |       |     3 ||     3
 Stab: Distracted        |       |     2 ||     2
  Eat: Bread ration      |     1 |       ||     1
       Beef jerky        |       |     1 ||     1
       Chunk             |       |     1 ||     1
Armor: Scale mail        |    12 |       ||    12
       Chain mail        |    48 |       ||    48
       Plate armour      |    14 |   129 ||   143
Dodge: Dodged            |    21 |    37 ||    58
Block: Shield            |    55 |   112 ||   167
